[Event "Titled Tuesday Blitz August 16 Late 2022"]
[White "Shapiro, Daniel"]
[Black "Mirimanian, Hayk"]
[WhiteFideId "2001780"]
[BlackFideId "4700180"]
[WhiteElo "2284"]
[BlackElo "2280"]
[Result "1-0"]
[Round "11"]
[TimeControl "180+1"]
[Date "2022.08.18"]
[WhiteClock "0:00:00"]
[BlackClock "0:00:00"]

1. d4 d5 2. c4 e6 3. Nf3 Nf6 4. g3 Bb4+ 5. Bd2 a5 6. Bg2 dxc4 7. Qc2 b5 8. Ne5 Nd5 9. a3 Bxd2+ 10. Nxd2 f6 11. Nef3 O-O 12. O-O Bb7 13. e4 Nb6 14. Rad1 Qe7 15. Rfe1 Rd8 16. a4 c6 17. b3 cxb3 18. Qxb3 Nxa4 19. Bh3 Re8 20. e5 f5 21. Bxf5 Qf7 22. Be4 Nb6 23. Bxh7+ Kh8 24. Qd3 Nd5 25. Bg6 Qe7 26. Bxe8 Qxe8 27. Re4 Kg8 28. Rh4 Kf7 29. Qh7 Qg8 30. Ng5+ Kf8 31. Qg6 Ke7 32. Rh7 Kd8 33. Nxe6+ Kc8 34. Rxg7 Qh8 35. Rg8+ Qxg8 36. Qxg8+ Kd7 37. Nc5+ Kc7 38. h4 Kb6 39. Qd8+ Nc7 40. h5 Na6 41. Qe7 Nb4 42. h6 Nbd5 43. Qf7 Bc8 44. h7 Bg4 45. Re1 a4 46. Qg7 1-0


[Site "https://www.chess.com"]

[Event "Titled Tuesday Blitz August 16 Late 2022"]
[White "So, Wesley"]
[Black "Rasulov, Vugar"]
[WhiteFideId "5202213"]
[BlackFideId "13402390"]
[WhiteElo "2763"]
[BlackElo "2509"]
[Result "1-0"]
[Round "11"]
[TimeControl "180+1"]
[Date "2022.08.16"]
[WhiteClock "0:00:30"]
[BlackClock "0:00:13"]

1. e4 e5 2. Nf3 Nc6 3. Bb5 Nf6 4. d3 Bc5 5. Bg5 Nd4 6. Nxd4 Bxd4 7. c3 Bb6 8. Nd2 h6 9. Bh4 c6 10. Ba4 O-O 11. O-O d5 12. exd5 cxd5 13. Qe2 e4 14. dxe4 Bg4 15. Qe1 dxe4 16. Nxe4 g5 17. Bg3 Qe7 18. Nd6 Qe6 19. Bb3 Qd7 20. h3 Bxh3 21. Rd1 Bg4 22. Nxf7 Bxd1 23. Ne5+ Bxb3 24. Nxd7 Bc4 25. Nxf8 Rxf8 26. Be5 Re8 27. Bxf6 Rxe1 28. Rxe1 Bxa2 29. Re7 Bd5 30. Rg7+ Kf8 31. Rh7 g4 32. Rxh6 Kf7 33. Be5 Bc6 34. Rf6+ Ke7 35. Rg6 Bd7 36. Kf1 Bc5 37. Bd4 Bd6 38. Bxa7 Be5 39. Bd4 Kf7 40. Rb6 1-0


[Site "https://www.chess.com"]

[Event "Titled Tuesday Blitz August 16 Late 2022"]
[White "Sokolovsky, Yahli"]
[Black "Fier, Alexandr"]
[WhiteFideId "2820242"]
[BlackFideId "2107139"]
[WhiteElo "1867"]
[BlackElo "2598"]
[Result "0-1"]
[Round "11"]
[TimeControl "180+1"]
[Date "2022.08.16"]
[WhiteClock "0:00:03"]
[BlackClock "0:00:34"]

1. b3 Nf6 2. Bb2 Nc6 3. Nf3 d6 4. d4 Bg4 5. d5 Nb8 6. c4 e5 7. dxe6 Bxe6 8. Nc3 Nc6 9. g3 Be7 10. Bg2 O-O 11. O-O Nd7 12. Nd5 Bxd5 13. cxd5 Nce5 14. Nd4 Bf6 15. Qd2 a5 16. f4 Ng6 17. e4 Re8 18. Rae1 Ngf8 19. Re2 a4 20. b4 Nb6 21. Qc2 a3 22. Ba1 Nfd7 23. Nb5 Bxa1 24. Rxa1 Nf6 25. Rae1 Qd7 26. Qd3 Ra4 27. Nc3 Rxb4 28. e5 dxe5 29. fxe5 Ng4 30. h3 Nh6 31. g4 Rb2 32. Re3 Na4 33. Nxa4 Qxa4 34. g5 Rxa2 35. gxh6 g6 36. e6 f5 37. Qc3 Re7 38. Qf6 Qe8 39. d6 cxd6 40. Rc1 f4 41. Rb3 Qf8 42. Qxf8+ Kxf8 43. Bd5 Rd2 44. Rc8+ Re8 45. e7+ Kxe7 46. Rxb7+ Kf6 47. Rf7+ Kg5 48. Rxe8 Rxd5 49. Ra8 Rd3 50. Rfa7 Rxh3 51. Rxa3 Rxh6 52. Kg2 Rh4 53. R8a5+ Kf6 54. Kf3 g5 55. Ke4 Kg6 56. Rd5 Rh1 57. Rxd6+ Kh5 58. Kf5 Rb1 59. Rd5 Kh4 60. Rd7 h5 61. Rd2 Rb5+ 62. Kg6 Rb6+ 63. Kf5 Rb5+ 64. Ke4 Rb4+ 65. Rd4 Rb1 66. Rd2 Rb4+ 67. Kd3 f3 68. Ke3 g4 69. Ra5 Rb3+ 70. Kf2 g3+ 71. Ke1 Rb1+ 72. Rd1 f2+ 73. Ke2 Rxd1 74. Ra4+ Kh3 75. Ke3 f1=Q 0-1


[Site "https://www.chess.com"]

[Event "Titled Tuesday Blitz August 16 Late 2022"]
[White "Solon, Nathan"]
[Black "Al-Tarboush, Ward"]
[WhiteFideId "2017229"]
[BlackFideId "7601450"]
[WhiteElo "2635"]
[BlackElo "2234"]
[Result "0-1"]
[Round "11"]
[TimeControl "180+1"]
[Date "2022.08.16"]
[WhiteClock "0:00:17"]
[BlackClock "0:00:33"]

1. e4 b6 2. d4 Bb7 3. Bd3 e6 4. Nf3 c5 5. c3 Nf6 6. Qe2 Be7 7. O-O Nc6 8. a3 Na5 9. Nbd2 c4 10. Bc2 Qc7 11. Re1 d6 12. Nf1 h6 13. Ng3 g5 14. e5 Nd5 15. Ne4 dxe5 16. Nxe5 Rg8 17. Qh5 Bf8 18. Ba4+ Nc6 19. Nxc4 O-O-O 20. Ne5 f5 21. Nxc6 Bxc6 22. Bxc6 Qxc6 23. Nd2 g4 24. Nf1 Bd6 25. Qf7 Kb8 26. Bd2 Rde8 27. Re2 Rgf8 28. Qh5 f4 29. Qxg4 f3 30. Rxe6 Rxe6 0-1


[Site "https://www.chess.com"]

[Event "Titled Tuesday Blitz August 16 Late 2022"]
[White "Sourath Biswas"]
[Black "Kalavannan, Koby"]
[WhiteFideId "35091484"]
[BlackFideId "425753"]
[WhiteElo "1777"]
[BlackElo "1927"]
[Result "1/2-1/2"]
[Round "11"]
[TimeControl "180+1"]
[Date "2022.08.16"]
[WhiteClock "0:01:52"]
[BlackClock "0:00:42"]

1. d4 Nf6 2. Bf4 g6 3. Nc3 d5 4. e3 c6 5. h4 h5 6. Nf3 Bg4 7. Be2 Bg7 8. Ne5 Bxe2 9. Qxe2 Nbd7 10. O-O-O a5 11. e4 Nxe4 12. Nxe4 dxe4 13. Qxe4 Nf6 14. Qd3 Nd5 15. Bg5 Nb4 16. Qc4 Qd5 17. Qxd5 cxd5 18. c3 Nc6 19. Nxc6 bxc6 20. Rhe1 e6 21. Bf4 Bh6 22. Bxh6 Rxh6 23. f4 Kd7 24. c4 Rhh8 25. c5 Rhb8 26. Rd3 Rb4 27. a3 Rb5 28. Ree3 a4 29. Kc2 Rab8 30. b4 axb3+ 31. Rxb3 Rxb3 32. Rxb3 Rxb3 33. Kxb3 Kc7 34. Ka4 Kb7 35. Ka5 Ka7 36. g3 Kb7 37. Kb4 Ka6 38. a4 Kb7 39. a5 Ka7 40. Ka4 Ka6 41. Kb4 f6 42. Ka4 Kb7 43. Kb4 Ka6 44. Ka4 Kb7 45. Kb4 Ka6 1/2-1/2


[Site "https://www.chess.com"]

[Event "Titled Tuesday Blitz August 16 Late 2022"]
[White "Stanisz, Patryk"]
[Black "Winterberg, Lukas"]
[WhiteFideId "1123106"]
[BlackFideId "24622702"]
[WhiteElo "1833"]
[BlackElo "2349"]
[Result "0-1"]
[Round "11"]
[TimeControl "180+1"]
[Date "2022.08.18"]
[WhiteClock "0:00:00"]
[BlackClock "0:00:00"]

1. d4 Nf6 2. c4 g6 3. Nc3 Bg7 4. e4 d6 5. Bd3 O-O 6. Nge2 c5 7. d5 e6 8. O-O exd5 9. cxd5 b6 10. a4 Ba6 11. Ng3 Re8 12. Re1 Bxd3 13. Qxd3 Nbd7 14. h3 a6 15. Bg5 Qc7 16. Rac1 h6 17. Be3 b5 18. axb5 axb5 19. Nxb5 Qb6 20. Nc3 Reb8 21. Rb1 Qb3 22. Qd2 Kh7 23. f4 Nb6 24. Qd1 Nc4 25. Qxb3 Rxb3 26. Bf2 Nd7 27. e5 dxe5 28. fxe5 Ndxe5 29. Bxc5 Nd3 30. Re4 Nd2 31. Bd4 Nxe4 32. Bxg7 Nxg3 33. Bd4 Rxb2 34. Rd1 Nf4 35. Be5 Rxg2# 0-1


[Site "https://www.chess.com"]

[Event "Titled Tuesday Blitz August 16 Late 2022"]
[White "Tanenbaum, Zachary"]
[Black "Martin Barcelo, Carles"]
[WhiteFideId "2060850"]
[BlackFideId "24561444"]
[WhiteElo "2175"]
[BlackElo "1922"]
[Result "0-1"]
[Round "11"]
[TimeControl "180+1"]
[Date "2022.08.18"]
[WhiteClock "0:00:00"]
[BlackClock "0:00:00"]

1. b3 Nf6 2. Bb2 g6 3. e4 d6 4. d3 Bg7 5. Nd2 O-O 6. Ngf3 c5 7. Be2 Nc6 8. O-O Rb8 9. h3 b5 10. d4 cxd4 11. Nxd4 Nxd4 12. Bxd4 b4 13. f4 a5 14. Bd3 Bb7 15. Qe2 Nd7 16. e5 dxe5 17. fxe5 Nf6 18. Ba7 Nh5 19. Qe3 Ra8 20. Bc4 Bxe5 21. Bb6 Qd6 22. Nf3 Bxf3 23. gxf3 Bxa1 24. Rxa1 Qg3+ 25. Kf1 Qxh3+ 26. Kg1 Qg3+ 27. Kf1 Nf4 28. Bd4 Qg5 29. Kf2 Qg2+ 30. Ke1 Qg5 31. Kd2 Rad8 32. Rg1 Rxd4+ 33. Qxd4 Ne6+ 34. Rxg5 Nxd4 35. Rxa5 Nxf3+ 36. Ke3 Nh4 37. Bd3 e6 38. Rb5 Nf5+ 39. Bxf5 exf5 40. Rxb4 Rc8 41. c4 h5 42. a4 Kg7 43. a5 Kf6 44. a6 Ra8 45. Rb6+ Kg5 46. c5 h4 47. c6 h3 48. Kf3 h2 49. Kg2 Rh8 50. Kh1 f4 51. a7 f3 52. Rb5+ Kg4 53. Rb7 f2 54. Rxf7 Kg3 55. b4 Rd8 56. Rf3+ Kxf3 57. Kxh2 f1=Q 58. c7 Qg2# 0-1


[Site "https://www.chess.com"]

[Event "Titled Tuesday Blitz August 16 Late 2022"]
[White "Thomforde-Toates, Noah"]
[Black "Miszler, Levente"]
[WhiteFideId "30951992"]
[BlackFideId "763276"]
[WhiteElo "2610"]
[BlackElo "1966"]
[Result "1/2-1/2"]
[Round "11"]
[TimeControl "180+1"]
[Date "2022.08.16"]
[WhiteClock "0:00:29"]
[BlackClock "0:00:09"]

1. d4 Nf6 2. Nc3 d5 3. Bf4 c6 4. e3 g6 5. Bd3 Bg7 6. Nf3 O-O 7. O-O Nh5 8. Bg3 Nxg3 9. hxg3 Nd7 10. e4 dxe4 11. Nxe4 e5 12. dxe5 Nxe5 13. Nxe5 Bxe5 14. c3 Bf5 15. Nc5 Bxd3 16. Nxd3 Bd6 17. Qf3 Qc7 18. Rad1 Rfe8 19. Rfe1 Rad8 20. Qf6 Be7 21. Qe5 Qxe5 22. Nxe5 Bd6 23. Nc4 Rxe1+ 24. Rxe1 Bc5 25. b4 b5 26. Na5 Bb6 27. Nxc6 Rd2 28. Re8+ Kg7 29. Re5 Rxf2 30. Kh2 a6 31. Re7 Rxa2 32. Rb7 Be3 33. Ne5 Bd2 34. Rxf7+ Kg8 35. Rc7 Rc2 36. Ng4 Rxc3 37. Nf6+ Kf8 38. Nxh7+ Ke8 39. Nf6+ Kf8 40. Ra7 Rc6 41. Nd7+ Ke8 42. Ne5 Re6 43. Nd3 Rd6 44. Nc5 Bxb4 45. Nxa6 Bd2 46. Nc7+ Kd8 47. Nxb5 Rd5 48. Ra8+ Kd7 49. Na3 Be3 50. g4 Bf4+ 51. Kg1 Bd6 52. Nc4 Bc5+ 53. Kf1 Rd4 54. Ne5+ Ke6 55. Nxg6 Rxg4 56. Ra6+ Kf5 57. Nh8 Rf4+ 58. Ke1 Bb4+ 59. Ke2 Kg4 60. Rg6+ Kh5 61. Rg8 Rg4 62. Rxg4 Kxg4 63. Kf1 Bc5 64. Nf7 Bd4 65. Nd6 Bc5 66. Ne4 Bd4 67. Ke2 Ba7 68. Kf1 Bb6 69. Nf6+ Kf5 70. Nd5 Ba7 71. Ne7+ Kg4 72. Nc6 Bb6 73. Ne5+ Kg3 74. Nc4 Ba7 75. Nd2 Bb6 76. Ne4+ Kg4 77. Ke2 Ba7 78. Kd3 Bb6 79. Ke2 Ba7 1/2-1/2


[Site "https://www.chess.com"]

[Event "Titled Tuesday Blitz August 16 Late 2022"]
[White "Urazayev, Arystanbek"]
[Black "Goryachkina, Aleksandra"]
[WhiteFideId "13709810"]
[BlackFideId "4147103"]
[WhiteElo "2441"]
[BlackElo "2426"]
[Result "0-1"]
[Round "11"]
[TimeControl "180+1"]
[Date "2022.08.16"]
[WhiteClock "0:00:02"]
[BlackClock "0:00:11"]

1. e4 e6 2. d4 d5 3. e5 c5 4. c3 Nc6 5. Nf3 Nge7 6. Bd3 cxd4 7. O-O dxc3 8. Nxc3 Ng6 9. Re1 Be7 10. a3 O-O 11. b4 a6 12. Bb2 Bd7 13. Qd2 Rc8 14. Rad1 Qc7 15. h4 Nxh4 16. Nxh4 Bxh4 17. Qf4 Be7 18. Re3 f5 19. Rg3 Rf7 20. Be2 Bf8 21. Bh5 g6 22. Ne2 Bg7 23. Bf3 Bxe5 24. Bxe5 Qxe5 25. Qh6 Qg7 26. Qh4 Ne5 27. Nf4 Nxf3+ 28. gxf3 Qf6 29. Qh2 Rg7 30. Qh6 Rf8 31. Nd3 e5 32. f4 exf4 33. Qxf4 Bc6 34. Ne5 Re8 35. Re1 Rge7 36. Rge3 g5 37. Qd4 f4 38. Nxc6 Qxd4 39. Rxe7 Rxe7 40. Nxe7+ Kf7 41. Nf5 Qd3 42. Nd6+ Kg7 43. Re7+ Kf6 44. Rxb7 Qd1+ 45. Kg2 Qg4+ 46. Kf1 f3 47. Ke1 Qg1+ 48. Kd2 Qxf2+ 49. Kc3 Qe1+ 50. Kd4 f2 51. Rf7+ Ke6 52. Rf8 f1=Q 53. Re8+ Kxd6 0-1


[Site "https://www.chess.com"]

[Event "Titled Tuesday Blitz August 16 Late 2022"]
[White "Uskov, Artem"]
[Black "Leiva, Gianmarco"]
[WhiteFideId "34254854"]
[BlackFideId "3804399"]
[WhiteElo "2335"]
[BlackElo "2323"]
[Result "0-1"]
[Round "11"]
[TimeControl "180+1"]
[Date "2022.08.16"]
[WhiteClock "0:00:20"]
[BlackClock "0:01:26"]

1. e4 c5 2. Nf3 d6 3. c3 Nf6 4. Bd3 g6 5. O-O Bg7 6. Bc2 O-O 7. d4 cxd4 8. cxd4 Bg4 9. Be3 Nc6 10. a3 Nd7 11. Nc3 Bxf3 12. gxf3 e5 13. d5 Nd4 14. Bd3 Qh4 15. Bxd4 exd4 16. Ne2 Be5 17. Ng3 h5 18. Kh1 Qf4 19. Rg1 Kh8 20. Rg2 Rac8 21. Qe2 a6 22. Rag1 Rc7 23. Nf1 Rc1 24. Ng3 Rfc8 25. Rxc1 Rxc1+ 26. Rg1 Nc5 27. b4 Nxd3 28. Qxd3 Rc3 29. Qd1 Rxf3 30. Rg2 Rc3 31. Rg1 Rxa3 32. Rg2 d3 33. Nxh5 Qh4 34. Ng3 Ra1 0-1


[Site "https://www.chess.com"]

[Event "Titled Tuesday Blitz August 16 Late 2022"]
[White "Wiewiora, Eneasz"]
[Black "Akbas, Umut Ata"]
[WhiteFideId "1140396"]
[BlackFideId "44572646"]
[WhiteElo "2291"]
[BlackElo "1654"]
[Result "1-0"]
[Round "11"]
[TimeControl "180+1"]
[Date "2022.08.16"]
[WhiteClock "0:00:22"]
[BlackClock "0:00:20"]

1. e4 g6 2. d4 Bg7 3. Nc3 a6 4. f4 b5 5. Nf3 Bb7 6. Bd3 d6 7. O-O c5 8. dxc5 dxc5 9. e5 Nh6 10. Be4 Qc8 11. Be3 Nd7 12. e6 fxe6 13. Bxb7 Qxb7 14. Ng5 b4 15. Nce4 Qc6 16. Qf3 Rc8 17. Rad1 O-O 18. Qh3 Rf5 19. b3 Nf6 20. Ng3 Nd5 21. Nxf5 exf5 22. Qf3 Nxe3 23. Qxe3 Bd4 24. Rxd4 cxd4 25. Qxe7 Qc7 26. Qe6+ Kg7 27. Qd5 Qa7 28. Ne6+ Kh8 29. Qe5+ Kg8 30. Kh1 Nf7 31. Qg7# 1-0


[Site "https://www.chess.com"]

[Event "Titled Tuesday Blitz August 16 Late 2022"]
[White "Wu, Rochelle"]
[Black "Gheorghiu, Calin"]
[WhiteFideId "30908132"]
[BlackFideId "1200305"]
[WhiteElo "2168"]
[BlackElo "2168"]
[Result "1-0"]
[Round "11"]
[TimeControl "180+1"]
[Date "2022.08.16"]
[WhiteClock "0:00:11"]
[BlackClock "0:00:01"]

1. d4 Nf6 2. c4 e6 3. Nc3 Bb4 4. Qc2 d5 5. cxd5 exd5 6. Bg5 h6 7. Bh4 c6 8. e3 Be6 9. Bd3 Nbd7 10. Ne2 Qe7 11. O-O Bd6 12. Rad1 g5 13. Bg3 h5 14. Bxd6 Qxd6 15. f3 g4 16. e4 gxf3 17. e5 Qc7 18. Rxf3 Ng4 19. Nf4 O-O-O 20. Rc1 Qb6 21. Kh1 Kb8 22. Nfe2 Rdg8 23. Rcf1 Qd8 24. Nf4 Qh4 25. Nh3 Ndxe5 26. dxe5 Nxe5 27. Rf4 Qe7 28. Bf5 Qd6 29. Qd2 Bxf5 30. Rxf5 Rg4 31. Qe2 Re8 32. Rxf7 d4 33. R7f6 Qb4 34. Nd1 d3 35. Qe3 Qa4 36. Rf8 Rxf8 37. Rxf8+ Kc7 38. Qxe5+ Kb6 39. Nc3 Qc2 40. Qe3+ Ka6 41. Nf2 1-0


[Site "https://www.chess.com"]

[Event "Titled Tuesday Blitz August 16 Late 2022"]
[White "Yanchenko, Roman"]
[Black "Shimanov, Aleksandr"]
[WhiteFideId "4137329"]
[BlackFideId "4198603"]
[WhiteElo "2514"]
[BlackElo "2605"]
[Result "1-0"]
[Round "11"]
[TimeControl "180+1"]
[Date "2022.08.16"]
[WhiteClock "0:00:07"]
[BlackClock "0:00:01"]

1. d4 Nf6 2. c4 g6 3. Nf3 Bg7 4. Nc3 d6 5. Bf4 Nh5 6. Bd2 e5 7. dxe5 dxe5 8. Bg5 Qxd1+ 9. Rxd1 f6 10. Bc1 Be6 11. e3 c6 12. Ne4 Bf8 13. Nd6+ Bxd6 14. Rxd6 Ke7 15. Rd2 a5 16. Be2 a4 17. O-O Nd7 18. Rfd1 Rhd8 19. Ne1 Ng7 20. f3 Nf5 21. Kf2 h5 22. g3 g5 23. Nc2 Bf7 24. e4 Ng7 25. b3 axb3 26. axb3 Ne6 27. Ba3+ c5 28. b4 b6 29. bxc5 Ndxc5 30. Rxd8 Nxd8 31. Rb1 Ra6 32. Bc1 Nde6 33. Be3 Nd8 34. Nb4 Ra3 35. Nd5+ Bxd5 36. cxd5 Nd7 37. Bxb6 Nxb6 38. Rxb6 Ra2 39. Ke3 Ra3+ 40. Bd3 Ra2 41. h4 gxh4 42. gxh4 Ra3 43. Ke2 Ra2+ 44. Ke1 Ra3 45. Be2 Rc3 46. Kf2 Ra3 47. Bb5 Ra2+ 48. Kg3 Rb2 49. Rb8 Nf7 50. Rb7+ Kf8 51. Bc6 Rxb7 52. Bxb7 Nd6 53. Ba6 Kg7 54. Kf2 f5 55. Ke3 f4+ 56. Kd3 Kf6 57. Kc3 Ke7 58. Kb4 Nf7 59. Kc5 Nd6 60. Kc6 Ne8 61. Be2 Nd6 62. Bf1 Ne8 63. Bh3 Nd6 64. Kc5 Ne8 65. Bf5 Ng7 66. d6+ Kf6 67. Bh3 Kf7 68. Kc6 1-0


[Site "https://www.chess.com"]

[Event "Titled Tuesday Blitz August 16 Late 2022"]
[White "Yurovskykh, Oleksandr"]
[Black "Altman, Joshua"]
[WhiteFideId "14134020"]
[BlackFideId "426210"]
[WhiteElo "2292"]
[BlackElo "1945"]
[Result "1-0"]
[Round "11"]
[TimeControl "180+1"]
[Date "2022.08.16"]
[WhiteClock "0:01:30"]
[BlackClock "0:00:55"]

1. d4 Nf6 2. Nf3 e6 3. Bf4 b6 4. e3 Bb7 5. Bd3 Be7 6. h3 O-O 7. Nbd2 c5 8. c3 cxd4 9. cxd4 d6 10. Bh2 Nbd7 11. O-O h6 12. Qe2 a6 13. Rfc1 Re8 14. Rc2 Rc8 15. Rac1 Rxc2 16. Rxc2 Qa8 17. Nc4 Bxf3 18. Qxf3 Qxf3 19. gxf3 d5 20. Nd6 Bxd6 21. Bxd6 b5 22. Rc6 Ra8 23. Kf1 Ne8 24. Bg3 Kf8 25. b3 Ke7 26. a4 bxa4 27. bxa4 a5 28. Bb5 f6 29. h4 e5 30. dxe5 Nxe5 31. Bxe5 fxe5 32. Rg6 Kf7 33. Bxe8+ Rxe8 34. Ra6 e4 35. Rxa5 exf3 36. Rxd5 Re4 37. Rd4 Re5 38. Kg1 Kg6 39. Kh2 Kh5 40. Kg3 Rf5 41. Rf4 Ra5 42. Kxf3 g5 43. hxg5 hxg5 44. Rb4 Rf5+ 45. Kg3 Ra5 46. Rb5 Rxa4 47. f4 Kh6 48. Rxg5 Ra3 49. Re5 Kg6 50. Kg4 Rd3 51. Re6+ Kf7 52. Kf5 Rd5+ 53. Re5 Rd3 54. e4 Rf3 55. Ra5 Ke7 56. Ra7+ Kd6 57. e5+ Kd5 58. Rd7+ Kc6 59. Rd1 Rf2 60. Kg5 Rg2+ 61. Kf6 Rf2 62. f5 Rf3 63. e6 Rf4 64. e7 Re4 65. Kf7 Rf4 66. e8=Q+ 1-0


[Site "https://www.chess.com"]

[Event "Titled Tuesday Blitz August 16 Late 2022"]
[White "Zeynalov, Farid"]
[Black "Gallana, Marco"]
[WhiteFideId "13402250"]
[BlackFideId "824542"]
[WhiteElo "2278"]
[BlackElo "2290"]
[Result "0-1"]
[Round "11"]
[TimeControl "180+1"]
[Date "2022.08.18"]
[WhiteClock "0:00:00"]
[BlackClock "0:00:00"]

1. d4 Nf6 2. c4 g6 3. Nc3 d5 4. cxd5 Nxd5 5. e4 Nxc3 6. bxc3 Bg7 7. Nf3 c5 8. Be2 Nc6 9. Be3 cxd4 10. cxd4 Qa5+ 11. Bd2 Qa3 12. d5 Ne5 13. Nxe5 Bxe5 14. Bb5+ Kf8 15. Bh6+ Bg7 16. Qd4 Qa5+ 17. Kd1 f6 18. Bxg7+ Kxg7 19. Qc5 Rf8 20. Rc1 Bg4+ 21. Be2 Qa4+ 22. Qc2 Qd4+ 23. Ke1 Rac8 24. Qd2 Rxc1+ 25. Qxc1 Rc8 26. Qd1 Qb2 27. Bxg4 Rc1 28. Qxc1 Qxc1+ 29. Bd1 Qc3+ 30. Ke2 Qc4+ 31. Ke3 Qxa2 32. Re1 Qa3+ 33. Kf4 a5 34. Re3 Qd6+ 35. Kf3 b5 36. Rc3 b4 37. Rc6 Qe5 38. Re6 Qc3+ 39. Ke2 Kf7 40. Rc6 Qb2+ 41. Rc2 Qd4 42. f3 a4 43. Rd2 Qc4+ 44. Ke3 b3 45. d6 exd6 46. Be2 Qc5+ 47. Rd4 a3 48. Bc4+ Ke7 49. Bxb3 Qc1+ 50. Rd2 Qc3+ 51. Rd3 Qe1+ 52. Kd4 Qf2+ 53. Kc3 Qb2+ 54. Kc4 a2 55. Bxa2 Qxa2+ 56. Kd4 Qxg2 57. h4 Qf2+ 58. Kd5 Qxh4 59. Ra3 Qf4 60. Ra7+ Kf8 61. Ke6 Qe5+ 62. Kd7 Qe7+ 63. Kc6 Qxa7 64. Kd5 Qc5+ 65. Ke6 Ke8 66. f4 f5 67. e5 dxe5 68. Kf6 exf4 69. Kg7 f3 70. Kh6 f2 71. Kg5 f4+ 72. Kf6 f3 73. Kg7 g5 74. Kh6 g4 75. Kg7 g3 76. Kh8 h5 77. Kg7 h4 78. Kh6 h3 79. Kg6 Qd6+ 80. Kg7 Qe5+ 81. Kg8 Qf5 82. Kg7 Qg5+ 83. Kh7 Kf7 84. Kh8 Qg8# 0-1


[Site "https://www.chess.com"]

[Event "Titled Tuesday Blitz August 16 Late 2022"]
[White "Zivkovic, Nemanja"]
[Black "Vasquez Schroeder, Rodrigo"]
[WhiteFideId "942154"]
[BlackFideId "3400042"]
[WhiteElo "2372"]
[BlackElo "2567"]
[Result "1/2-1/2"]
[Round "11"]
[TimeControl "180+1"]
[Date "2022.08.16"]
[WhiteClock "0:01:04"]
[BlackClock "0:01:39"]

1. d4 d5 2. Bf4 c5 3. e3 cxd4 4. exd4 Nc6 5. c3 Bf5 6. Ne2 e6 7. Ng3 Bg6 8. h4 h6 9. h5 Bh7 10. Bd3 Bxd3 11. Qxd3 Bd6 12. Bxd6 Qxd6 13. Nd2 Nf6 14. Nf3 a6 15. O-O O-O 16. Rae1 Nd7 17. Re3 Rae8 18. Rfe1 b5 19. Ne5 Ndxe5 20. dxe5 Qc5 21. Ne2 Rc8 22. a3 Qc4 23. Qd2 Rfd8 24. Rg3 Kh8 25. Nd4 Nxd4 26. cxd4 Qc2 27. Qf4 Rd7 28. Ree3 Qd1+ 29. Kh2 Qxh5+ 30. Rh3 Qg6 31. Reg3 Qf5 32. Qe3 Qe4 33. Qd2 Rc2 34. Qb4 Rc8 35. Qd2 Qc2 36. Qf4 Qe4 37. Qd2 1/2-1/2


[Site "https://www.chess.com"]

[Event "Titled Tuesday Blitz August 16 Late 2022"]
[White "Zou, Chen"]
[Black "Isajevsky, Anton"]
[WhiteFideId "8610959"]
[BlackFideId "4142500"]
[WhiteElo "2276"]
[BlackElo "2510"]
[Result "1-0"]
[Round "11"]
[TimeControl "180+1"]
[Date "2022.08.16"]
[WhiteClock "0:00:07"]
[BlackClock "0:00:03"]

1. d4 d5 2. c4 e6 3. Nf3 Nf6 4. Nc3 Be7 5. Bf4 O-O 6. e3 Nbd7 7. c5 c6 8. Bd3 b6 9. b4 bxc5 10. bxc5 Nh5 11. Be5 Qa5 12. Rc1 Ba6 13. O-O g6 14. h3 Nxe5 15. Nxe5 Rac8 16. Bxa6 Qxa6 17. Qa4 Qxa4 18. Nxa4 f6 19. Nd3 Bd8 20. Rb1 Rf7 21. Rb3 Ba5 22. Rfb1 Rfc7 23. g4 Ng7 24. f4 Kf7 25. Kg2 h6 26. Kf3 g5 27. Rb7 Ne8 28. R7b3 Rd7 29. a3 Ke7 30. Nc3 Bxc3 31. Rxc3 Nc7 32. a4 Na6 33. Rcb3 Rdd8 34. Rb7+ Rd7 35. R7b2 Rdd8 36. Kg3 Rb8 37. Rb7+ Rxb7 38. Rxb7+ Rd7 39. Rb3 Rd8 40. h4 Rb8 41. Rxb8 Nxb8 42. Nb4 a5 43. Nd3 Na6 44. Nc1 Nb4 45. Nb3 Kd7 46. Nxa5 gxh4+ 47. Kxh4 Nc2 48. Kh5 Nxe3 49. Nb3 Kc7 50. Na5 Kd7 51. Nb7 Kc7 52. Nd6 Nc2 53. Kxh6 Nxd4 54. g5 fxg5 55. fxg5 e5 56. g6 Ne6 57. g7 Nxg7 58. Kxg7 d4 59. Kf6 d3 60. Ne4 Kb7 61. Kxe5 Ka6 62. Kd4 Ka5 63. Kxd3 Kxa4 64. Kc4 Ka5 65. Nf6 1-0